 Dungeon Crawl Stone Soup version 0.31-a0-233-g139696dc86 (webtiles) character file.

Game seed: 3815845940481611906

101453 qw the Marksgargoyle (level 16, -10/108 HPs)
             Began as a Gargoyle Hexslinger on July 7, 2023.
             Was a High Priest of Okawaru.
             Mangled by a white ugly thing (17 damage)
             ... on level 15 of the Dungeon.
             The game lasted 00:11:22 (21126 turns).

qw the Marksgargoyle (Gargoyle Hexslinger)         Turns: 21126, Time: 00:11:22

Health: -10/108    AC: 23    Str: 12    XL:     16   Next: 30%
Magic:  22/23      EV: 26    Int: 19    God:    Okawaru [*****.]
Gold:   1854       SH:  0    Dex: 20    Spells: 16/17 levels left

rFire   . . .        w - +8 storm bow {elec, penet}
rCold   + . .        (shield currently unavailable)
rNeg    + . .        r - +0 troll leather armour
rPois   inf          v - +0 helmet {Int+3}
rElec   +            a - +2 cloak of Reres {*Corrode rPois rC+ Dex+2}
rCorr   .            f - +0 pair of gloves
SInv    .            b - +1 pair of boots
Will    +....        e - amulet of faith
Stlth   +++          s - +5 ring of evasion
HPRegen 1.18/turn    m - +4 ring of protection
MPRegen 0.18/turn

%: corrode self (3%), faith
@: about to teleport, heroic, corroded, flying
A: sickness immunity, AC +12, big wings, negative energy resistance 1,
electricity resistance, torment resistance 1, petrification resistance
a: Renounce Religion, Heroism, Finesse, Duel


You were on level 15 of the Dungeon.
You worshipped Okawaru.
Okawaru was extremely pleased with you.
You visited 3 branches of the dungeon, and saw 21 of its levels.

You collected 2157 gold pieces.
You spent 303 gold pieces at shops.


Innate Abilities, Weirdness & Mutations

You are immune to sickness and miasma.
Your stone body is resilient. (AC +12)
You are immune to poison.
Your large and strong wings let you fly.
You resist negative energy. (rN+)
You are resistant to electric shocks. (rElec)
You are resistant to unholy torment.
You are immune to petrification.


   Skills:
 - Level 15.0(20.0) Fighting
 - Level 20.0(25.0) Ranged Weapons
 + Level 8.1(13.1) Armour
 - Level 9.1(14.1) Dodging
 - Level 1.0 Spellcasting
 - Level 2.6 Hexes
 - Level 10.0 Invocations


You had 16 spell levels left.
You knew the following spells:

 Your Spells              Type           Power      Damage    Failure   Level
a - Slow                  Hex            44%        N/A       8%          1

Your spell library contained the following spells:

 Spells                   Type           Power      Damage    Failure   Level
 Inner Flame              Hex/Fire       6%         N/A       36%         3
 Portal Projectile        Hex/Tloc       12%        N/A       36%         3
 Cause Fear               Hex            5%         N/A       58%         4

Inventory:

Hand Weapons
 w - the +8 storm bow (weapon) {elec, penet}
   (Okawaru gifted it to you on level 5 of the Lair of Beasts)
Armour
 a - the +2 cloak of Reres (worn) {*Corrode rPois rC+ Dex+2}
   (You acquired it on level 1 of the Dungeon)

   Dex:       It affects your dexterity (+2).
   rC:        It protects you from cold.
   rPois:     It protects you from poison.
   *Corrode:  It may corrode you when you take damage.
 b - a +1 pair of boots (worn)
 f - a +0 pair of gloves (worn)
 r - a +0 troll leather armour (worn)
 v - a +0 helmet of intelligence (worn)
Jewellery
 e - an amulet of faith (around neck)
 k - an amulet of reflection
 m - a +4 ring of protection (right hand)
 s - a +5 ring of evasion (left hand)
Wands
 l - a wand of digging (16)
Scrolls
 i - 3 scrolls of identify
 o - 2 scrolls of enchant weapon
 u - 4 scrolls of teleportation
Potions
 c - 3 potions of enlightenment
 d - 3 potions of haste
 h - 6 potions of mutation
 j - 6 potions of curing
 n - a potion of might
 p - 3 potions of cancellation
 t - 2 potions of magic

Dungeon Overview and Level Annotations

Branches:
Dungeon (15/15)            Temple (1/1) D:4            Lair (5/5) D:9
  Swamp (0/4) Lair:3       Spider (0/4) Lair:2        Slime (0/5) Lair:4
    Orc (0/2) D:10         Vaults (0/5) D:14
 Depths: D:15

Altars:
Ashenzari
Cheibriados
Dithmenos
Elyvilon
Fedhas
Gozag
Hepliaklqana
Kikubaaqudgha
Makhleb
Nemelex Xobeh
Okawaru
Qazlal
Ru
Sif Muna
Trog
Uskayaw
Vehumet
Wu Jian
Xom
Yredelemnul
Zin
The Shining One

Shops:
D:9 *

Portals:
Hell: Lair:5

Annotations:
D:2 1 runed translucent door, Crazy Yiuf, Robin
D:5 3 runed translucent doors, qw's ghost, amateur DEHu
D:8 1 runed translucent door
D:11 1 runed translucent door
Lair:3 3 runed translucent doors, qw's ghost, journeyman MiHs


Message History

The arrow pierces through the brown ugly thing!!!
Lightning courses through the brown ugly thing!
You kill the brown ugly thing!
Okawaru accepts your kill. The white ugly thing pecks you.
The white ugly thing freezes you! You resist.
The wizard mumbles some strange words.
The wizard blinks!
The tengu warrior misses you.
The tengu warrior completely misses you.
The tengu warrior claws you but does no damage.
You shoot an arrow.
The arrow barely misses the cyan ugly thing.
The cyan ugly thing punches you but does no damage.
The white ugly thing pecks you but does no damage.
You shoot an arrow.
The arrow pierces through the cyan ugly thing!
The cyan ugly thing is lightly wounded.
The tengu warrior hits you but does no damage.
The tengu warrior completely misses you.
The tengu warrior barely misses you.
The cyan ugly thing completely misses you.
You shoot an arrow.
The arrow pierces through the cyan ugly thing!!
The cyan ugly thing is severely wounded.
The white ugly thing closely misses you.
The tengu warrior hits you with a +0 war axe!
The tengu warrior pecks you but does no damage.
The tengu warrior misses you. The cyan ugly thing punches you.
The cyan ugly thing shocks you. You resist.
21125 ||| READING 5 scrolls of teleportation.
As you read the scroll of teleportation, it crumbles to dust.
You feel strangely unstable. The white ugly thing barely misses you.
The tengu warrior completely misses you.
The tengu warrior pecks you but does no damage.
The tengu warrior completely misses you.
The cyan ugly thing punches you. The cyan ugly thing shocks you. You resist.
You shoot an arrow.
The arrow barely misses the cyan ugly thing.
The white ugly thing pecks you! The white ugly thing freezes you! You resist.
You die...

#..... ........# #..... ........#
#..... #.......# #..... #^.#
#.......# #..... ...##..#
#..(....## ##..... ...##..#
#........# ##...... ...##..#
#.....u%.###### #....... ...##..#
#......@u##...# #....... ...##..#
#.....Q..##...# #....... ...##..#
#........##...# #.......
...##..###........##...# #.......
.........<........##...# #.<.....
..%##.............)#...###.......
...##...##.......................
...##...##.........####...?......
...##...##.........# #.!........


You could see 2 ugly things and a tengu warrior.

Vanquished Creatures
  Rupert (D:14)
  Gastronok (Lair:3)
  Agnes (D:14)
  Nessos (Lair:3)
  Josephine (Lair:3)
  10 hydras
  8 vault guards (D:14)
  A catoblepas (Lair:5)
  2 centaur warriors
  5 two-headed ogres
  9 boulder beetles
  A tengu warrior (D:15)
  A death knight (D:14)
  6 death yaks (Lair:5)
  A sixfirhy (Lair:5)
  Amaemon (D:8)
  6 skysharks
  A pharaoh ant (Lair:2)
  4 skeletal warriors (D:11)
  Lodul (D:13)
  2 bog bodies (Lair:3)
  A swamp dragon (shapeshifter) (D:14)
  2 wizards
  2 harpies (shapeshifter)
  A wolf spider (D:15)
  4 deep elf pyromancers
  19 ugly things
  8 cyclopes
  A salamander (shapeshifter) (D:9)
  7 elephants
  Joseph (D:10)
  3 orange demons
  A smoke demon (Lair:5)
  A black mamba (Lair:2)
  14 cane toads
  3 efreet
  9 komodo dragons
  3 gargoyles
  3 kobold demonologists
  7 rime drakes
  2 ice devils (Lair:5)
  A red devil (Lair:5)
  A troll (shapeshifter) (D:12)
  A polar bear (Lair:5)
  A tarantella (shapeshifter) (D:13)
  5 hornets
  A hornet (shapeshifter) (D:14)
  7 trolls
  17 blink frogs
  4 dream sheep (Lair:5)
  3 slime creatures
  A centaur simulacrum (D:15)
  65 yaks
  2 vampires
  3 shadows
  8 wraiths
  5 wyverns
  6 basilisks
  7 vampire mosquitoes
  4 redbacks (Lair:2)
  4 wargs (D:10)
  4 acid dragons
  A swamp worm (Lair:3)
  4 hell hounds (Lair:5)
  Duvessa (D:7)
  12 water moccasins
  3 black bears
  3 ice beasts
  4 orc warriors
  A sky beast (D:7)
  13 ogres
  A boggart (D:12)
  7 centaurs
  8 wolves
  2 phantoms
  A kobold brigand (D:7)
  17 bullfrogs
  A scorpion (D:4)
  13 wights
  A hornet simulacrum (D:14)
  Dowan (D:7)
  12 killer bees
  3 vampire bats (Lair:5)
  10 electric eels
  3 howler monkeys
  A lava snake (D:10)
  5 hounds
  11 orc priests
  3 jellies
  A gnoll bouda (D:9)
  5 iguanas
  4 hell rats (Lair:3)
  11 orc wizards
  5 gnolls (D:9)
  9 adders
  2 white imps
  3 dart slugs
  28 orcs
  8 bats
  10 endoplasms
  3 giant cockroaches
  10 goblins
  10 hobgoblins
  4 jackals (D:4)
  2 quokkas
  9 ball pythons
  3 frilled lizards
  15 kobolds
  5 rats
595 creatures vanquished.

Vanquished Creatures (others)
  A bog body (Lair:3)
1 creature vanquished.

Grand Total: 596 creatures vanquished

Notes
Turn   | Place    | Note
-------+----------+-------------------------------------------
     0 | D:1      | qw the Gargoyle Hexslinger began the quest for the Orb.
     0 | D:1      | Reached XP level 1. HP: 12/12 MP: 2/2
     0 | D:1      | 0 ||| qw: Version: 0.3-a-46-gb1f654a
     0 | D:1      | 0 ||| qw: Game counter: 3244
     0 | D:1      | 0 ||| qw: Melee chars always use a shield: true
     0 | D:1      | 0 ||| qw: God list: Okawaru
     0 | D:1      | 0 ||| qw: Allow faded altars: false
     0 | D:1      | 0 ||| qw: Do Orc after clearing Dungeon:15 true
     0 | D:1      | 0 ||| qw: Do second Lair branch before Depths: true
     0 | D:1      | 0 ||| qw: Lair rune preference: random
     0 | D:1      | 0 ||| qw: Goals: Normal
     0 | D:1      | 0 ||| PLANNING D:1-11
    83 | D:1      | Reached XP level 2. HP: 16/16 MP: 3/3
   115 | D:1      | You fall into a shaft and drop 1 floor!
   169 | D:2      | Reached skill level 3 in Ranged Weapons
   170 | D:2      | 170 ||| READING scroll labelled XOKHLA WEMA.
   175 | D:2      | 175 ||| DROPPING scroll of poison.
   190 | D:2      | 190 ||| STAIRDANCE
   558 | D:1      | Reached XP level 3. HP: 21/21 MP: 4/4
   765 | D:1      | 765 ||| UPGRADING to +0 pair of boots.
   770 | D:1      | 770 ||| UPGRADING to +2 robe of positive energy.
   780 | D:1      | 780 ||| DROPPING +0 robe.
   781 | D:1      | 781 ||| READING scroll labelled TUPRAPT DIGAI.
   781 | D:1      | Identified a scroll of acquirement
   781 | D:1      | 781 ||| ACQUIRING +2 cloak of Reres {*Corrode rPois rC+
                  | Dex+2}
   781 | D:1      | Acquired the +2 cloak of Reres {*Corrode rPois rC+ Dex+2}
   783 | D:1      | 783 ||| UPGRADING to +2 cloak of Reres {*Corrode rPois rC+
                  | Dex+2}.
   788 | D:1      | 788 ||| READING scroll labelled JOOJOTZ DUVUM.
   789 | D:1      | 789 ||| DRINKING 2 green potions.
   849 | D:2      | 849 ||| STAIRDANCE
  1058 | D:2      | Found a faded altar of an unknown god.
  1062 | D:2      | Reached skill level 4 in Ranged Weapons
  1062 | D:2      | Reached XP level 4. HP: 26/26 MP: 5/5
  1220 | D:2      | Noticed Robin
  1234 | D:2      | HP: 5/26 [hobgoblin[Robin] (2)]
  1235 | D:2      | 1235 ||| READING scroll of teleportation.
  1238 | D:2      | HP: 1/26 [hobgoblin[Robin] (2)]
  1420 | D:2      | Found a runed translucent door.
  1421 | D:2      | Noticed Crazy Yiuf
  1773 | D:3      | Found a bloodstained altar of Trog.
  1980 | D:3      | Found a shimmering altar of Xom.
  1992 | D:3      | Found a stormy altar of Qazlal.
  1994 | D:3      | Noticed a water elemental
  1996 | D:3      | Noticed an earth elemental
  1996 | D:3      | Noticed an air elemental
  1996 | D:3      | Noticed a fire elemental
  2236 | D:3      | 2236 ||| READING 2 scrolls labelled YGOKKAILUSS.
  2237 | D:3      | 2237 ||| READING scroll labelled VONEONL UHIQI.
  2238 | D:3      | 2238 ||| DRINKING 2 pink potions.
  2286 | D:4      | Found a staircase to the Ecumenical Temple.
  2287 | D:4      | 2287 ||| PLANNING TEMPLE
  2309 | D:4      | Reached XP level 5. HP: 22/30 MP: 6/6
  2346 | D:4      | 2346 ||| READING scroll labelled ANUHETEXTU.
  2355 | Temple   | Entered the Ecumenical Temple
  2412 | Temple   | 2412 ||| PLANNING OKAWARU WORSHIP
  2423 | Temple   | Became a worshipper of Warmaster Okawaru
  2424 | Temple   | 2424 ||| PLANNING D:1-11
  2481 | D:4      | Noticed a phantom
  2499 | D:4      | Killed a phantom
  2500 | D:4      | Reached skill level 5 in Ranged Weapons
  2650 | D:4      | 2650 ||| READING 2 scrolls of identify.
  2650 | D:4      | 2650 ||| IDENTIFYING silvery potion
  2859 | D:4      | Found a sacrificial altar of Ru.
  2862 | D:4      | Noticed an ogre
  2871 | D:4      | Killed an ogre
  2872 | D:4      | Reached skill level 3 in Fighting
  2872 | D:4      | Reached XP level 6. HP: 37/37 MP: 7/7
  2995 | D:4      | Found a glowing golden altar of the Shining One.
  3143 | D:4      | Reached skill level 6 in Ranged Weapons
  3162 | D:4      | HP: 8/37 [something (2)]
  3167 | D:4      | HP: 9/37 [something (1)]
  3174 | D:4      | 3174 ||| READING scroll of teleportation.
  3175 | D:4      | 3175 ||| DRINKING potion of heal wounds.
  3209 | D:4      | Reached skill level 1 in Armour
  3347 | D:4      | Reached * piety under Okawaru
  3348 | D:4      | Reached XP level 7. HP: 24/44 MP: 8/8
  3500 | D:4      | 3500 ||| UPGRADING to amulet of reflection.
  3505 | D:4      | 3505 ||| READING scroll labelled BANWABAKK.
  3506 | D:4      | 3506 ||| READING 3 scrolls labelled SILECAFFEF.
  3507 | D:4      | 3507 ||| READING scroll labelled FAECKA SECA.
  3508 | D:4      | 3508 ||| READING 3 scrolls of identify.
  3508 | D:4      | 3508 ||| IDENTIFYING black potion
  3509 | D:4      | 3509 ||| READING 2 scrolls of identify.
  3509 | D:4      | 3509 ||| IDENTIFYING cyan potion
  3510 | D:4      | 3510 ||| DROPPING potion of brilliance.
  3511 | D:4      | 3511 ||| DROPPING 2 scrolls of summoning.
  3541 | D:5      | Entered Level 5 of the Dungeon
  3550 | D:5      | 3550 ||| STAIRDANCE
  3563 | D:4      | Reached skill level 1 in Invocations
  3571 | D:4      | 3571 ||| INVOKING Heroism.
  3654 | D:5      | 3654 ||| INVOKING Heroism.
  3667 | D:5      | 3667 ||| INVOKING Heroism.
  3671 | D:5      | HP: 1/44 [ogre/+0 giant spiked club (13)]
  3878 | D:5      | Reached skill level 7 in Ranged Weapons
  3926 | D:5      | Found a basalt altar of Yredelemnul.
  3947 | D:5      | Reached XP level 8. HP: 48/48 MP: 9/9
  3963 | D:5      | 3963 ||| UPGRADING to amulet of faith.
  3970 | D:5      | 3970 ||| INVOKING Heroism.
  4076 | D:5      | Noticed qw's ghost (amateur DEHu)
  4117 | D:5      | Found a runed translucent gate.
  4117 | D:5      | Found a runed translucent gate.
  4117 | D:5      | Found a runed translucent gate.
  4471 | D:5      | 4471 ||| UPGRADING to amulet of faith.
  4476 | D:5      | 4476 ||| READING scroll labelled VEAFEE UPHYKHI.
  4556 | D:6      | Reached skill level 3 in Invocations
  4594 | D:6      | Found a snail-covered altar of Cheibriados.
  4655 | D:6      | Found a glowing silver altar of Zin.
  4714 | D:6      | 4714 ||| INVOKING Heroism.
  4732 | D:6      | Reached skill level 8 in Ranged Weapons
  4826 | D:6      | 4826 ||| INVOKING Heroism.
  4832 | D:6      | 4832 ||| FLEEEEING.
  4833 | D:6      | 4833 ||| FLEEEEING.
  4834 | D:6      | 4834 ||| FLEEEEING.
  4835 | D:6      | 4835 ||| FLEEEEING.
  4845 | D:6      | Reached ** piety under Okawaru
  4860 | D:6      | 4860 ||| INVOKING Heroism.
  4968 | D:6      | Found a hazy altar of Hepliaklqana.
  4968 | D:6      | Found a blossoming altar of Fedhas.
  4974 | D:6      | Found a burning altar of Makhleb.
  5102 | D:6      | 5102 ||| READING scroll labelled POISIVV UKEYC.
  5143 | D:7      | 5143 ||| INVOKING Heroism.
  5152 | D:7      | Reached skill level 9 in Ranged Weapons
  5161 | D:7      | Reached XP level 9. HP: 23/54 MP: 10/12
  5164 | D:7      | HP: 10/54 [wight/+3 halberd (7)]
  5165 | D:7      | 5165 ||| READING scroll of teleportation.
  5166 | D:7      | 5166 ||| DRINKING potion of heal wounds.
  5195 | D:7      | 5195 ||| FLEEEEING.
  5196 | D:7      | 5196 ||| FLEEEEING.
  5197 | D:7      | 5197 ||| STAIRDANCE
  5254 | D:7      | Reached skill level 6 in Fighting
  5268 | D:7      | 5268 ||| INVOKING Heroism.
  5296 | D:7      | Reached skill level 3 in Dodging
  5450 | D:7      | 5450 ||| INVOKING Heroism.
  5586 | D:7      | 5586 ||| INVOKING Heroism.
  5606 | D:7      | 5606 ||| READING scroll of enchant weapon.
  5606 | D:7      | 5606 ||| ENCHANTING +2 sling.
  5730 | D:7      | Reached skill level 10 in Ranged Weapons
  5793 | D:7      | Found an ornate altar of the Wu Jian Council.
  5892 | D:7      | Noticed Duvessa
  5892 | D:7      | Noticed Dowan
  5893 | D:7      | 5893 ||| INVOKING Heroism.
  5909 | D:7      | Killed Duvessa
  5918 | D:7      | Killed Dowan
  6104 | D:7      | 6104 ||| READING 2 scrolls of identify.
  6104 | D:7      | 6104 ||| IDENTIFYING red potion
  6161 | D:8      | 6161 ||| INVOKING Heroism.
  6167 | D:8      | 6167 ||| Stepping ~*~*~tactically~*~*~ (outnumbered).
  6169 | D:8      | 6169 ||| Stepping ~*~*~tactically~*~*~ (outnumbered).
  6175 | D:8      | 6175 ||| INVOKING Heroism.
  6270 | D:8      | 6270 ||| INVOKING Heroism.
  6379 | D:8      | 6379 ||| INVOKING Heroism.
  6406 | D:8      | 6406 ||| FLEEEEING.
  6407 | D:8      | 6407 ||| FLEEEEING.
  6408 | D:8      | 6408 ||| FLEEEEING.
  6409 | D:8      | 6409 ||| FLEEEEING.
  6412 | D:8      | 6412 ||| FLEEEEING.
  6413 | D:8      | 6413 ||| FLEEEEING.
  6416 | D:8      | 6416 ||| FLEEEEING.
  6417 | D:8      | 6417 ||| FLEEEEING.
  6418 | D:8      | 6418 ||| FLEEEEING.
  6421 | D:8      | 6421 ||| FLEEEEING.
  6422 | D:8      | 6422 ||| FLEEEEING.
  6423 | D:8      | 6423 ||| FLEEEEING.
  6424 | D:8      | 6424 ||| FLEEEEING.
  6425 | D:8      | 6425 ||| FLEEEEING.
  6426 | D:8      | 6426 ||| FLEEEEING.
  6427 | D:8      | 6427 ||| FLEEEEING.
  6428 | D:8      | 6428 ||| FLEEEEING.
  6429 | D:8      | 6429 ||| FLEEEEING.
  6430 | D:8      | 6430 ||| FLEEEEING.
  6431 | D:8      | 6431 ||| FLEEEEING.
  6434 | D:8      | 6434 ||| FLEEEEING.
  6435 | D:8      | 6435 ||| FLEEEEING.
  6437 | D:8      | 6437 ||| FLEEEEING.
  6438 | D:8      | 6438 ||| FLEEEEING.
  6441 | D:8      | 6441 ||| FLEEEEING.
  6442 | D:8      | 6442 ||| FLEEEEING.
  6443 | D:8      | 6443 ||| FLEEEEING.
  6444 | D:8      | 6444 ||| FLEEEEING.
  6445 | D:8      | 6445 ||| FLEEEEING.
  6446 | D:8      | 6446 ||| FLEEEEING.
  6447 | D:8      | 6447 ||| STAIRDANCE
  6494 | D:8      | 6494 ||| STAIRDANCE
  6496 | D:7      | 6496 ||| INVOKING Heroism.
  6512 | D:7      | Reached skill level 11 in Ranged Weapons
  6584 | D:8      | 6584 ||| STAIRDANCE
  6587 | D:7      | 6587 ||| INVOKING Heroism.
  6595 | D:7      | Reached XP level 10. HP: 39/63 MP: 10/13
  6677 | D:8      | 6677 ||| STAIRDANCE
  6685 | D:7      | 6685 ||| INVOKING Heroism.
  6810 | D:8      | 6810 ||| INVOKING Heroism.
  6816 | D:8      | 6816 ||| STAIRDANCE
  6823 | D:7      | HP: 11/64 [yak (9)]
  6824 | D:7      | 6824 ||| READING scroll of teleportation.
  6824 | D:7      | HP: 5/64 [yak (6)]
  6825 | D:7      | 6825 ||| DRINKING potion of heal wounds.
  6829 | D:7      | HP: 10/64 [yak (7)]
  7047 | D:8      | 7047 ||| SWAPPING to +0 orcbow.
  7048 | D:8      | 7048 ||| DROPPING +3 sling.
  7181 | D:8      | Reached *** piety under Okawaru
  7192 | D:8      | Noticed a sixfirhy
  7193 | D:8      | Found a runed translucent door.
  7487 | D:8      | Noticed Amaemon
  7488 | D:8      | 7488 ||| INVOKING Heroism.
  7514 | D:8      | Killed Amaemon
  7553 | D:8      | 7553 ||| INVOKING Heroism.
  7571 | D:8      | Reached skill level 12 in Ranged Weapons
  7601 | D:8      | Found an ancient bone altar of Kikubaaqudgha.
  7676 | D:8      | Noticed an orange demon
  7686 | D:8      | Killed an orange demon
  7867 | D:8      | 7867 ||| READING 2 scrolls of identify.
  7867 | D:8      | 7867 ||| IDENTIFYING coppery potion
  7868 | D:8      | 7868 ||| DROPPING potion of degeneration.
  7956 | D:9      | 7956 ||| INVOKING Heroism.
  7957 | D:9      | 7957 ||| Stepping ~*~*~tactically~*~*~ (outnumbered).
  7996 | D:9      | 7996 ||| INVOKING Heroism.
  7998 | D:9      | a human changed into a cane toad
  7998 | D:9      | Noticed a cane toad (shapeshifter)
  8008 | D:9      | a cane toad changed into a salamander
  8008 | D:9      | Noticed a salamander (shapeshifter)
  8013 | D:9      | Killed a salamander
  8225 | D:9      | 8225 ||| INVOKING Heroism.
  8326 | D:9      | 8326 ||| INVOKING Heroism.
  8439 | D:9      | Noticed an elephant
  8441 | D:9      | Noticed a two-headed ogre
  8442 | D:9      | 8442 ||| INVOKING Heroism.
  8451 | D:9      | Killed an elephant
  8460 | D:9      | Reached **** piety under Okawaru
  8461 | D:9      | Reached skill level 13 in Ranged Weapons
  8482 | D:9      | Reached XP level 11. HP: 27/68 MP: 14/14
  8482 | D:9      | 8482 ||| INVOKING Heroism.
  8484 | D:9      | Killed a two-headed ogre
  8485 | D:9      | Reached skill level 9 in Fighting
  8681 | D:9      | Found a staircase to the Lair.
  8791 | D:9      | Found Deacrobe's Assorted Antiques.
  8799 | D:9      | 8799 ||| BUYING inky potion (21 gold).
  8799 | D:9      | Bought an inky potion for 21 gold pieces
  8799 | D:9      | 8799 ||| BUYING knobbly onyx ring (120 gold).
  8799 | D:9      | Bought a knobbly onyx ring for 120 gold pieces
  8799 | D:9      | 8799 ||| BUYING potion of curing (72 gold).
  8799 | D:9      | Bought a potion of curing for 72 gold pieces
  8799 | D:9      | 8799 ||| BUYING scroll of identify (48 gold).
  8799 | D:9      | Bought a scroll of identify for 48 gold pieces
  8799 | D:9      | 8799 ||| BUYING viscous dark potion (21 gold).
  8799 | D:9      | Bought a viscous dark potion for 21 gold pieces
  8799 | D:9      | 8799 ||| BUYING white potion (21 gold).
  8799 | D:9      | Bought a white potion for 21 gold pieces
  8861 | D:9      | 8861 ||| INVOKING Heroism.
  8867 | D:9      | 8867 ||| Stepping ~*~*~tactically~*~*~ (outnumbered).
  8904 | D:9      | 8904 ||| FLEEEEING.
  9225 | D:9      | 9225 ||| PLANNING LAIR
  9225 | D:9      | 9225 ||| DROPPING ring of wizardry.
  9226 | D:9      | 9226 ||| UPGRADING to ring of positive energy.
  9227 | D:9      | 9227 ||| READING scroll labelled ISATESYLAPP.
  9228 | D:9      | 9228 ||| READING 3 scrolls of identify.
  9228 | D:9      | 9228 ||| IDENTIFYING sapphire potion
  9229 | D:9      | 9229 ||| READING 2 scrolls of identify.
  9229 | D:9      | 9229 ||| IDENTIFYING inky potion
  9230 | D:9      | 9230 ||| DROPPING potion of attraction.
  9300 | Lair:1   | Entered Level 1 of the Lair of Beasts
  9301 | Lair:1   | 9301 ||| PLANNING GAUNTLET
  9327 | Lair:1   | 9327 ||| INVOKING Heroism.
  9548 | Lair:1   | 9548 ||| INVOKING Heroism.
  9579 | Lair:1   | Reached skill level 6 in Invocations
  9716 | Lair:1   | 9716 ||| READING scroll of enchant weapon.
  9716 | Lair:1   | 9716 ||| ENCHANTING +0 orcbow.
  9748 | Lair:1   | 9748 ||| INVOKING Heroism.
  9764 | Lair:1   | 9764 ||| RIP GAUNTLET
  9838 | Lair:1   | 9838 ||| PLANNING LAIR
  9854 | Lair:1   | 9854 ||| INVOKING Heroism.
  9899 | Lair:1   | 9899 ||| INVOKING Heroism.
 10042 | Lair:1   | 10042 ||| READING scroll of enchant armour.
 10042 | Lair:1   | 10042 ||| ENCHANTING +0 pair of boots.
 10200 | Lair:1   | 10200 ||| Stepping ~*~*~tactically~*~*~ (water).
 10201 | Lair:1   | 10201 ||| INVOKING Heroism.
 10437 | Lair:1   | 10437 ||| UPGRADING to +4 ring of protection.
 10494 | Lair:2   | Reached skill level 14 in Ranged Weapons
 10504 | Lair:2   | 10504 ||| INVOKING Heroism.
 10516 | Lair:2   | HP: 14/71 [elephant (13)]
 10517 | Lair:2   | 10517 ||| READING 3 scrolls of teleportation.
 10536 | Lair:2   | HP: 17/71 [yak (2)]
 10537 | Lair:2   | 10537 ||| READING 2 scrolls of teleportation.
 10540 | Lair:2   | 10540 ||| INVOKING Heroism.
 10743 | Lair:2   | 10743 ||| INVOKING Heroism.
 10745 | Lair:2   | Noticed a skyshark
 10765 | Lair:2   | Killed a skyshark
 10765 | Lair:2   | Reached ***** piety under Okawaru
 10825 | Lair:2   | 10825 ||| INVOKING Heroism.
 10830 | Lair:2   | Reached XP level 12. HP: 40/76 MP: 15/18
 10932 | Lair:2   | Noticed a five-headed hydra
 10933 | Lair:2   | 10933 ||| INVOKING Heroism.
 11057 | Lair:2   | Noticed an eight-headed hydra
 11058 | Lair:2   | 11058 ||| INVOKING Heroism.
 11071 | Lair:2   | Killed an eight-headed hydra
 11072 | Lair:2   | Reached skill level 9 in Invocations
 11216 | Lair:2   | Received a gift from Okawaru
 11227 | Lair:2   | 11227 ||| INVOKING Heroism.
 11262 | Lair:2   | Found a hole to the Spider Nest.
 11264 | Lair:2   | 11264 ||| INVOKING Heroism.
 11404 | Lair:2   | 11404 ||| INVOKING Heroism.
 11409 | Lair:2   | Killed a five-headed hydra
 11766 | Lair:2   | 11766 ||| READING scroll labelled YJYMEGI SIL.
 11804 | Lair:2   | 11804 ||| READING 2 scrolls of identify.
 11804 | Lair:2   | 11804 ||| IDENTIFYING bubbling ruby potion
 11805 | Lair:2   | 11805 ||| DROPPING potion of invisibility.
 11843 | Lair:3   | Noticed qw's ghost (journeyman MiHs)
 11846 | Lair:3   | Noticed a skyshark
 11862 | Lair:3   | Killed a skyshark
 11941 | Lair:3   | Noticed Josephine
 11952 | Lair:3   | Killed Josephine
 11962 | Lair:3   | Received a gift from Okawaru
 11963 | Lair:3   | Reached skill level 15 in Ranged Weapons
 11964 | Lair:3   | 11964 ||| INVOKING Heroism.
 12087 | Lair:3   | 12087 ||| SWAPPING to +2 arbalest of electrocution.
 12088 | Lair:3   | 12088 ||| DROPPING +1 orcbow.
 12116 | Lair:3   | Found a runed translucent gate.
 12138 | Lair:3   | Found a runed translucent gate.
 12139 | Lair:3   | Found a runed translucent gate.
 12160 | Lair:3   | 12160 ||| INVOKING Heroism.
 12170 | Lair:3   | Noticed Nessos
 12171 | Lair:3   | 12171 ||| Stepping ~*~*~tactically~*~*~ (outnumbered).
 12172 | Lair:3   | 12172 ||| Stepping ~*~*~tactically~*~*~ (outnumbered).
 12173 | Lair:3   | 12173 ||| INVOKING Finesse.
 12175 | Lair:3   | 12175 ||| Stepping ~*~*~tactically~*~*~ (outnumbered).
 12181 | Lair:3   | HP: 18/77 [Nessos/arrow (3)]
 12182 | Lair:3   | 12182 ||| READING scroll of teleportation.
 12183 | Lair:3   | 12183 ||| DRINKING potion of heal wounds.
 12186 | Lair:3   | 12186 ||| FLEEEEING.
 12187 | Lair:3   | 12187 ||| FLEEEEING.
 12188 | Lair:3   | 12188 ||| FLEEEEING.
 12189 | Lair:3   | 12189 ||| STAIRDANCE
 12347 | Lair:2   | 12347 ||| UPGRADING to +1 robe of willpower.
 12429 | Lair:3   | 12429 ||| INVOKING Finesse.
 12431 | Lair:3   | 12431 ||| INVOKING Heroism.
 12437 | Lair:3   | Killed Nessos
 12438 | Lair:3   | Reached skill level 16 in Ranged Weapons
 12438 | Lair:3   | Reached XP level 13. HP: 38/82 MP: 13/20
 12580 | Lair:3   | 12580 ||| SWAPPING to +1 longbow of flaming.
 12581 | Lair:3   | 12581 ||| DROPPING +2 arbalest of electrocution.
 12612 | Lair:3   | Noticed a minotaur
 12641 | Lair:3   | 12641 ||| INVOKING Heroism.
 12673 | Lair:3   | Noticed Gastronok
 12682 | Lair:3   | Killed Gastronok
 12881 | Lair:3   | Found a staircase to the Swamp.
 12883 | Lair:3   | 12883 ||| Stepping ~*~*~tactically~*~*~ (outnumbered).
 12885 | Lair:3   | 12885 ||| Stepping ~*~*~tactically~*~*~ (outnumbered).
 12887 | Lair:3   | 12887 ||| Stepping ~*~*~tactically~*~*~ (outnumbered).
 12889 | Lair:3   | 12889 ||| Stepping ~*~*~tactically~*~*~ (outnumbered).
 12964 | Lair:3   | Reached skill level 6 in Dodging
 13230 | Lair:3   | 13230 ||| UPGRADING to +1 hat.
 13235 | Lair:3   | 13235 ||| READING scroll labelled UTOANY NUFUBIJ.
 13236 | Lair:3   | 13236 ||| DRINKING 2 viscous dark potions.
 13237 | Lair:3   | 13237 ||| DRINKING 4 potions of curing.
 13237 | Lair:3   | 13237 ||| (to cure confusion)
 13238 | Lair:3   | 13238 ||| READING 2 scrolls of identify.
 13238 | Lair:3   | 13238 ||| IDENTIFYING white potion
 13239 | Lair:3   | 13239 ||| DROPPING potion of ambrosia.
 13240 | Lair:3   | 13240 ||| DROPPING potion of berserk rage.
 13301 | Lair:4   | 13301 ||| INVOKING Heroism.
 13309 | Lair:4   | Reached skill level 3 in Armour
 13344 | Lair:4   | 13344 ||| INVOKING Heroism.
 13400 | Lair:4   | Identified the +5 scale mail of Failure {rPois} (Okawaru
                  | gifted it to you on level 4 of the Lair of Beasts)
 13400 | Lair:4   | Received a gift from Okawaru
 13411 | Lair:4   | 13411 ||| INVOKING Heroism.
 13640 | Lair:4   | Found a staircase to the Slime Pits.
 13654 | Lair:4   | 13654 ||| INVOKING Heroism.
 14301 | Lair:5   | Entered Level 5 of the Lair of Beasts
 14334 | Lair:5   | 14334 ||| INVOKING Heroism.
 14347 | Lair:5   | Reached skill level 17 in Ranged Weapons
 14383 | Lair:5   | 14383 ||| INVOKING Heroism.
 14563 | Lair:5   | 14563 ||| INVOKING Heroism.
 14607 | Lair:5   | 14607 ||| INVOKING Heroism.
 14608 | Lair:5   | 14608 ||| INVOKING Finesse.
 14732 | Lair:5   | 14732 ||| INVOKING Heroism.
 14733 | Lair:5   | 14733 ||| INVOKING Finesse.
 14783 | Lair:5   | Gained mutation: Your large and strong wings let you fly.
                  | [Gargoyle growth]
 14783 | Lair:5   | Reached XP level 14. HP: 90/90 MP: 19/21
 14802 | Lair:5   | Reached skill level 18 in Ranged Weapons
 14830 | Lair:5   | 14830 ||| INVOKING Heroism.
 14861 | Lair:5   | Reached skill level 12 in Fighting
 15229 | Lair:5   | 15229 ||| INVOKING Heroism.
 15230 | Lair:5   | 15230 ||| INVOKING Finesse.
 15520 | Lair:5   | Reached ****** piety under Okawaru
 15541 | Lair:5   | Received a gift from Okawaru
 15541 | Lair:5   | Found the +8 storm bow {elec, penet}
 15598 | Lair:5   | 15598 ||| SWAPPING to +8 storm bow {elec, penet}.
 15599 | Lair:5   | 15599 ||| DROPPING +1 longbow of flaming.
 15633 | Lair:5   | Found a burning altar of Makhleb.
 15635 | Lair:5   | 15635 ||| Stepping ~*~*~tactically~*~*~ (outnumbered).
 15638 | Lair:5   | 15638 ||| INVOKING Heroism.
 15639 | Lair:5   | 15639 ||| INVOKING Finesse.
 15698 | Lair:5   | Found a gateway to Hell.
 15887 | Lair:5   | 15887 ||| PLANNING D:1-11
 15887 | Lair:5   | 15887 ||| DROPPING ring of magical power.
 15888 | Lair:5   | 15888 ||| UPGRADING to +5 ring of evasion.
 15890 | Lair:5   | 15890 ||| DROPPING ring of positive energy.
 15891 | Lair:5   | 15891 ||| READING 2 scrolls of identify.
 15891 | Lair:5   | 15891 ||| IDENTIFYING fuming orange potion
 16010 | D:10     | Entered Level 10 of the Dungeon
 16015 | D:10     | Noticed Joseph
 16022 | D:10     | Killed Joseph
 16210 | D:10     | 16210 ||| Stepping ~*~*~tactically~*~*~ (outnumbered).
 16212 | D:10     | 16212 ||| Stepping ~*~*~tactically~*~*~ (outnumbered).
 16274 | D:10     | Reached skill level 19 in Ranged Weapons
 16456 | D:10     | Found a staircase to the Orcish Mines.
 16706 | D:10     | 16706 ||| DROPPING +2 robe of positive energy.
 16707 | D:10     | 16707 ||| UPGRADING to +0 acid dragon scales.
 16717 | D:10     | 16717 ||| DROPPING +1 robe of willpower.
 16718 | D:10     | 16718 ||| READING 2 scrolls of identify.
 16718 | D:10     | 16718 ||| IDENTIFYING lumpy orange potion
 16719 | D:10     | 16719 ||| DROPPING potion of lignification.
 16823 | D:11     | 16823 ||| INVOKING Heroism.
 16824 | D:11     | 16824 ||| INVOKING Finesse.
 16884 | D:11     | Found a runed translucent door.
 16893 | D:11     | 16893 ||| INVOKING Heroism.
 16900 | D:11     | 16900 ||| INVOKING Finesse.
 16948 | D:11     | Identified the +0 plate armour of Wopnafoy {-Tele +Inv rC+}
                  | (Okawaru gifted it to you on level 11 of the Dungeon)
 16948 | D:11     | Received a gift from Okawaru
 16965 | D:11     | 16965 ||| INVOKING Heroism.
 16995 | D:11     | 16995 ||| INVOKING Heroism.
 17003 | D:11     | Reached skill level 6 in Armour
 17230 | D:11     | Reached XP level 15. HP: 96/96 MP: 22/22
 17351 | D:11     | 17351 ||| PLANNING D
 17351 | D:11     | 17351 ||| UPGRADING to +0 pair of gloves.
 17356 | D:11     | 17356 ||| DROPPING ring of resist corrosion.
 17724 | D:12     | 17724 ||| INVOKING Heroism.
 17725 | D:12     | 17725 ||| INVOKING Finesse.
 17896 | D:12     | 17896 ||| INVOKING Heroism.
 17960 | D:12     | 17960 ||| FLEEEEING.
 18137 | D:12     | 18137 ||| Stepping ~*~*~tactically~*~*~ (outnumbered).
 18163 | D:12     | 18163 ||| FLEEEEING.
 18584 | D:12     | 18584 ||| UPGRADING to +0 troll leather armour.
 18594 | D:12     | 18594 ||| DROPPING +0 acid dragon scales.
 18595 | D:12     | 18595 ||| READING scroll labelled UMIGUE PEUL.
 18836 | D:13     | 18836 ||| FLEEEEING.
 18837 | D:13     | 18837 ||| FLEEEEING.
 18898 | D:13     | Noticed Lodul
 18903 | D:13     | Killed Lodul
 19427 | D:14     | Received a gift from Okawaru
 19449 | D:14     | 19449 ||| INVOKING Heroism.
 19603 | D:14     | Reached skill level 20 in Ranged Weapons
 19702 | D:14     | Received a gift from Okawaru
 19718 | D:14     | 19718 ||| INVOKING Heroism.
 19730 | D:14     | HP: 14/100 [vault guard/+0 great sword (18)]
 19730 | D:14     | HP: 5/100 [vault guard/+0 long sword (9)]
 19731 | D:14     | 19731 ||| READING 6 scrolls of teleportation.
 19921 | D:14     | Noticed Agnes
 19922 | D:14     | 19922 ||| INVOKING Heroism.
 19923 | D:14     | 19923 ||| INVOKING Finesse.
 19929 | D:14     | Killed Agnes
 19930 | D:14     | Reached XP level 16. HP: 81/106 MP: 15/23
 20238 | D:14     | Found a gate to the Vaults.
 20326 | D:14     | Noticed Rupert
 20327 | D:14     | 20327 ||| INVOKING Heroism.
 20328 | D:14     | 20328 ||| DRINKING 5 potions of curing.
 20328 | D:14     | 20328 ||| (to cure confusion)
 20329 | D:14     | 20329 ||| INVOKING Finesse.
 20331 | D:14     | Paralysed by Rupert for 3 turns
 20343 | D:14     | Killed Rupert
 20344 | D:14     | Reached skill level 9 in Dodging
 20413 | D:14     | 20413 ||| UPGRADING to +0 helmet of intelligence.
 20423 | D:14     | 20423 ||| DROPPING +1 hat.
 20424 | D:14     | 20424 ||| READING scroll labelled ILAICI ZEEWOUMIM.
 20560 | D:15     | Entered Level 15 of the Dungeon
 21113 | D:15     | Received a gift from Okawaru
 21114 | D:15     | Reached skill level 15 in Fighting
 21116 | D:15     | 21116 ||| INVOKING Heroism.
 21124 | D:15     | HP: 24/108 [cyan ugly thing (5)]
 21125 | D:15     | 21125 ||| READING 5 scrolls of teleportation.
 21126 | D:15     | HP: 7/108 [white ugly thing (7)]
 21126 | D:15     | Mangled by a white ugly thing

Levels and vault maps discovered:
D:1:      eino_arrival_druids_welcome, layout_loops_ring
D:2:      layout_basic, hellmonk_ecumenical_altar_pennies_from_heaven,
          uniq_robin, uniq_crazy_yiuf_cottage
D:3:      layout_loops_cross, mainiacjoe_overflow_surrounded_room,
          nicolae_qazlal_style_of_elements, nicolae_overflow_crystal_walls,
          serial_rivers, chequers_serial_rivers_small_b,
          chequers_serial_rivers_large_a, chequers_serial_rivers_micro_c,
          chequers_serial_rivers_micro_e, chequers_serial_rivers_micro_d
D:4:      layout_cave_pods, mainiacjoe_overflow_paths,
          nicolae_ru_sacrificial_ziggurat, minmay_temple_entry_purple_smoke,
          serial_park_tiny_pond, serial_bayou_lagoon_b
D:5:      layout_layer_cave, mainiacjoe_overflow_cross_hatched,
          gammafunk_ghost_icy, moated_statue
D:6:      layout_basic, mainiacjoe_overflow_alcove_2,
          mainiacjoe_overflow_24_doors,
          chequers_temple_overflow_statue_of_worship
D:7:      dreamdust_elfheim, layout_gridville, kennysheep_little_box
D:8:      cheibrodos_shockbox, layout_basic, kiku_gazebo_pond_becter,
          minmay_misc_feat_alley, uniq_amaemon
D:9:      layout_loops_ring, david_lair_generic, serial_bayou,
          serial_bayou_pond_c, serial_bayou_lagoon_a, serial_bayou_crossing,
          serial_bayou_ford_a, nicolae_stop_n_shop_1
D:10:     layout_loops_ring, minmay_orc_entry_guard_dogs,
          amcnicky_mini_pool_medium, uniq_joseph
D:11:     gammafunk_indiana_jones, layout_basic
D:12:     minmay_quarter_circles, layout_basic
D:13:     layout_loops_ring, uniq_lodul
D:14:     layout_irregular_city, erik_vaults_2, minmay_misc_feat_tower,
          minmay_starry_boxes, uniq_rupert, uniq_agnes
D:15:     grunt_enter_depths_magical_seal, layout_long_grid, minivault_24,
          chequers_serial_rivers_large_b
Temple:   dpeg_three_leaves_temple
Lair:1:   layout_regular_city, gauntlet_entry_generic, dreamdust_wasp_nest,
          serial_bayou_shore_a, grunt_megastairs_4
Lair:2:   layout_misc_corridors, nicolae_spider_entry_lesser_pyramids,
          infiniplex_staircase_pool_2
Lair:3:   layout_gridlike, nicolae_swamp_entry_splash_gauntlet,
          maelrawn_ghost_gauntlet_escape, grunt_forest_stairs_basic,
          lemuel_fruit_tree, uniq_josephine, uniq_nessos, uniq_gastronok
Lair:4:   layout_regular_city, nicolae_slime_entry_slimehenge
Lair:5:   evil_forest, layout_big_grid, roderic_batcave

Skill      XL: |  1  2  3  4  5  6  7  8  9 10 11 12 13 14 15 16 |
---------------+-------------------------------------------------+-----
Ranged Weapons | 3 4 5 6 7 9 11 13 14 16 17 19 20 | 20.0
Fighting       | 2 3 4 5 7 8 9 10 11 12 14 15 | 15.0
Armour         | 1 2 3 7 8 |  8.1
Invocations    | 2 4 8 10 | 10.0
Dodging        | 2 3 4 5 6 7 8 9 |  9.1
Spellcasting   | |  1.0
Hexes          | |  2.6

Action                     |  1- 3 |  4- 6 |  7- 9 | 10-12 | 13-15 | 16-18 || total
---------------------------+-------+-------+-------+-------+-------+-------++-------
   Fire: Sling             |   129 |   231 |   521 |    38 |       |       ||   919
         Orcbow            |       |       |       |   704 |       |       ||   704
         Arbalest          |       |       |       |    63 |       |       ||    63
         Longbow           |       |       |       |       |  1087 |   130 ||  1217
 Invoke: Heroism           |       |       |    18 |    29 |    22 |     2 ||    71
         Finesse           |       |       |       |     2 |     8 |     1 ||    11
    Use: Scroll            |     3 |     6 |    10 |    12 |     6 |     2 ||    39
         Potion            |     1 |     2 |     1 |     2 |     2 |     1 ||     9
 Armour: Robe              |    36 |   120 |   134 |   231 |    92 |       ||   613
         Acid dragon scale |       |       |       |       |    10 |       ||    10
         Troll leather arm |       |       |       |       |    31 |    42 ||    73
  Dodge: Dodged            |    57 |   145 |   209 |   430 |   270 |    60 ||  1171
  Block: Other             |       |       |    23 |       |       |       ||    23

Table legend:
 A = Non-vault XP
 B = Vault XP
 C = Vault XP percentage of total XP
 D = Non-vault monster count
 E = Vault monster count
 F = Vault count percentage of total count
                 A         B        C        D         E       F
            +---------+---------+-------+---------+---------+-------
      Total |   97236 |   47698 |  32.9 |     457 |     138 |  23.2
            +---------+---------+-------+---------+---------+-------
        D:1 |      39 |       0 |   0.0 |      15 |       0 |   0.0
        D:2 |      87 |      20 |  18.7 |      26 |      10 |  27.8
        D:3 |      11 |       0 |   0.0 |       7 |       0 |   0.0
        D:4 |     644 |       0 |   0.0 |      26 |       0 |   0.0
        D:5 |     476 |       0 |   0.0 |      11 |       0 |   0.0
        D:6 |     855 |       0 |   0.0 |      20 |       0 |   0.0
        D:7 |    2115 |     209 |   9.0 |      32 |       2 |   5.9
        D:8 |    1394 |    1227 |  46.8 |      25 |       2 |   7.4
        D:9 |    3268 |    1011 |  23.6 |      30 |       4 |  11.8
       D:10 |    4116 |    1585 |  27.8 |      26 |       7 |  21.2
       D:11 |    9192 |       0 |   0.0 |      32 |       0 |   0.0
       D:12 |    6119 |   11276 |  64.8 |      16 |      28 |  63.6
       D:13 |    6217 |    1825 |  22.7 |      12 |      10 |  45.5
       D:14 |    9541 |   12410 |  56.5 |      16 |      16 |  50.0
       D:15 |   10519 |       0 |   0.0 |      19 |       0 |   0.0
     Lair:1 |    2765 |    1142 |  29.2 |      12 |       4 |  25.0
     Lair:2 |    8405 |    1447 |  14.7 |      30 |       5 |  14.3
     Lair:3 |    7474 |    5612 |  42.9 |      28 |      10 |  26.3
     Lair:4 |    6839 |      93 |   1.3 |      26 |       6 |  18.8
     Lair:5 |   17160 |    9841 |  36.4 |      48 |      34 |  41.5
            +---------+---------+-------+---------+---------+-------
